 Dungeon Crawl Stone Soup version 0.20.0-4-g10b340a (webtiles) character file.

36371 McKennaii the Unseen (level 13, -1/92 HPs)
             Began as an Octopode Assassin on May 28, 2017.
             Was an Elder of Dithmenos.
             Slain by a swamp worm (8 damage)
             ... on level 4 of the Lair of Beasts.
             The game lasted 01:09:26 (22394 turns).

McKennaii the Unseen (Octopode Assassin)           Turns: 22394, Time: 01:09:27

Health: -1/92      AC:  1    Str: 10    XL:     13   Next: 89%
Magic:  14/14      EV: 20    Int: 18    God:    Dithmenos [****..]
Gold:   520        SH:  0    Dex: 18    Spells: 12/12 levels left

rFire    . . .     SeeInvis .   a - +2 dagger (elec)
rCold    . . .     Gourm    .   (no shield)
rNeg     . . .     Faith    +   (helmet restricted)
rPois    .         Spirit   .   z - amulet of Day {Faith +Blink}
rElec    .         Reflect  .   v - ring of protection from magic
rCorr    .         Harm     .   t - +4 ring of intelligence
MR       +....                  M - ring of wizardry
Stlth    ++++++++++             T - ring of flight
Regen    0.3/turn               (no ring)
MPRegen  0.2/turn               (no ring)
                                (no ring)
                                (no ring)

@: wreathed by umbra
A: almost no armour, stealthy swim, amphibious, 8 rings, constrict 8, camouflage
1, gelatinous body 1
a: Shadow Step, Renounce Religion, Evoke Blink, Evoke Flight


You were on level 4 of the Lair of Beasts.
You worshipped Dithmenos.
Dithmenos was greatly pleased with you.
You were hungry.

You visited 3 branches of the dungeon, and saw 16 of its levels.

You collected 864 gold pieces.
You spent 344 gold pieces at shops.

Inventory:

Hand Weapons
 a - a +2 dagger of electrocution (weapon)
 b - a +0 blowgun
Missiles
 c - 11 poisoned needles (quivered)
 d - 6 curare-tipped needles
 J - 8 needles of confusion
 L - 7 needles of frenzy
Armour
 U - the +2 buckler of the Elven Halls {rF+ rN+, unknown}
   (You found it on level 4 of the Lair of Beasts)

   It protects you from fire.
   It protects you from negative energy.
Jewellery
 t - a +4 ring of intelligence (right tentacle)
 v - a ring of protection from magic (left tentacle)
 z - the amulet of Day (around mantle) {Faith +Blink}
   (You found it on level 6 of the Dungeon)

   [amulet of faith]

   It allows you to gain divine favour quickly.
   It lets you blink.
 I - an uncursed ring of ice
 M - a ring of wizardry (on tentacle)
 T - a ring of flight (on tentacle)
Wands
 j - a wand of scattershot (6/9)
 K - a wand of polymorph (12/24)
 O - a wand of paralysis (12/24)
 Q - a wand of confusion (27/48)
 R - a wand of paralysis (5/24)
 S - a wand of disintegration (12/24)
Scrolls
 h - 7 scrolls of remove curse
 m - 7 scrolls of identify
 n - 3 scrolls of fog {unknown}
 o - a scroll of enchant armour
 p - a scroll of recharging
 q - 3 scrolls of fear {unknown}
 s - a scroll of noise {unknown}
 A - 2 scrolls of enchant weapon
 D - a scroll of acquirement {unknown}
 E - a scroll of summoning {unknown}
 H - a scroll of torment {unknown}
 N - a scroll of amnesia {unknown}
Potions
 e - 5 potions of might
 g - a potion of curing
 k - 4 potions of haste
 r - 4 potions of agility
 u - 3 potions of lignification {unknown}
 w - 2 potions of heal wounds {unknown}
 B - 3 potions of berserk rage
 C - a potion of flight
 F - 3 potions of ambrosia {unknown}
 G - 4 potions of degeneration {unknown}
 P - 2 potions of magic
 V - a potion of invisibility {unknown}
Books
 y - a book of Beasts

   Spells                             Type                      Level
   a - Summon Butterflies             Summoning                    1
   b - Call Canine Familiar           Summoning                    3
   c - Summon Ice Beast               Ice/Summoning                4
   d - Summon Mana Viper              Hexes/Summoning              5
   e - Summon Hydra                   Summoning                    7
Comestibles
 f - 8 bread rations
 i - 7 meat rations
 l - 11 royal jellies
 x - 33 fruits


   Skills:
 + Level 10.2 Fighting
 + Level 9.7 Short Blades
 + Level 10.0 Throwing
 + Level 9.3 Dodging
 + Level 18.3 Stealth
 + Level 2.4 Invocations
 + Level 1.6 Evocations


You had 12 spell levels left.
You didn't know any spells.

Dungeon Overview and Level Annotations

Branches:
Dungeon (11/15)            Temple (1/1) D:6            Lair (4/6) D:8
 Shoals (0/4) Lair:2        Snake (0/4) Lair:3          Orc (0/2) D:11

Altars:
Ashenzari
Cheibriados
Dithmenos
Elyvilon
Fedhas
Gozag
Hepliaklqana
Kikubaaqudgha
Makhleb
Nemelex Xobeh
Okawaru
Qazlal
Ru
Trog
Uskayaw
Vehumet
Xom
Yredelemnul
Zin
The Shining One

Shops:
D:4 (   D:7 *   D:10 *


Innate Abilities, Weirdness & Mutations

You cannot wear most types of armour.
You are very stealthy in the water. (Stealth+)
You are amphibious.
You can wear up to eight rings at the same time.
You can use your tentacles to constrict eight enemies at once.
Your skin changes colour to match your surroundings (Stealth+).
Your rubbery body absorbs attacks. (AC +1, EV +1)


Message History

You hit the swamp worm. Your grab misses the swamp worm.
The swamp worm is lightly wounded.
You closely miss the swamp worm. Your grab misses the swamp worm.
The swamp worm is lightly wounded.
The swamp worm bites you!
You hit the swamp worm. You grab the swamp worm.
The swamp worm is lightly wounded.
You constrict the swamp worm. You puncture the swamp worm!
The swamp worm is heavily wounded.
You constrict the swamp worm. The swamp worm bites you!!
* * * LOW HITPOINT WARNING * * *
Okay, then.
You feel better.
You constrict the swamp worm. The swamp worm bites you!
* * * LOW HITPOINT WARNING * * *
You fail to use your ability.
You constrict the swamp worm. The swamp worm closely misses you.
You fail to use your ability.
You constrict the swamp worm. The swamp worm bites you!
You die...

≈.≈≈≈≈≈..≈≈≈#≈≈...###
≈#.≈#≈≈P≈#≈.≈≈≈.....#
≈#≈.≈≈.≈≈≈≈≈≈≈≈....##
≈≈#≈.P..P#≈.#≈≈....#
#≈≈≈.≈.≈≈.≈≈.≈≈....###
##≈≈≈.PP..≈≈≈≈.......#### ##
≈#≈≈≈#.≈.≈.≈.≈≈......#..####...
≈≈≈≈≈≈.≈.≈≈≈≈≈≈...........>....
≈#≈≈≈≈...≈≈≈#≈≈w@..............
≈# ≈≈≈.≈≈≈#≈≈≈##...............
#≈≈ ≈.≈≈≈≈≈#≈≈##...............
≈≈#≈.≈≈≈.≈≈≈≈###...)...........
..≈ ≈≈≈≈P.≈≈#≈##.#.............
≈P.≈≈≈≈≈≈≈≈≈#≈####.............
≈)≈.≈≈≈≈#≈.≈≈## #.#...P...P.##.
≈#≈#≈#.≈≈≈###.#..........#
≈≈≈≈≈≈≈†)##...##.........#


You could see a swamp worm.

Vanquished Creatures
  Gastronok (D:8)
  A frost giant (D:10)
  Erica (D:10)
  2 hydras
  3 two-headed ogres
  3 death yaks
  2 alligators (Lair:4)
  Sonja (Lair:1)
  3 skeletal warriors (D:11)
  A swamp dragon (Lair:4)
  A necromancer (Lair:3)
  An oklob plant (Lair:1)
  An ugly thing (D:11)
  2 black mambas
  The ghost of IcyS the Chiller, a novice OpIE of Hepliaklqana (D:6)
  10 spiny frogs
  3 rime drakes
  7 komodo dragons
  A troll (D:8)
  2 hornets
  3 blink frogs (Lair:3)
  6 hippogriffs
  A wraith (D:10)
  3 wyverns
  18 yaks
  A fire elemental (Lair:1)
  Grum (D:11)
  5 basilisks
  A vampire mosquito (Lair:3)
  2 steam dragons
  5 swamp worms (Lair:4)
  3 nagas (Lair:3)
  11 water moccasins
  5 porcupines
  3 orc warriors
  7 ice beasts
  4 sky beasts
  A black bear (D:9)
  2 elephant zombies (Lair:3)
  3 phantoms
  9 wolves
  3 centaurs
  4 ogres
  3 big kobolds
  4 crocodiles
  11 bullfrogs
  The ghost of luab the Covert, an amateur SpEn (D:3)
  6 scorpions
  3 howler monkeys (D:11)
  7 wights (D:8)
  5 electric eels
  5 crimson imps
  A bullfrog zombie (D:9)
  A centaur zombie (D:6)
  2 quasits
  3 centaur skeletons
  4 hounds
  6 jellies
  5 orc priests
  12 orc wizards
  2 bullfrog skeletons
  2 iguanas
  9 worker ants
  A crocodile zombie (Lair:3)
  A hound zombie (D:8)
  A hound skeleton (D:8)
  A worker ant zombie (D:7)
  10 adders
  4 gnolls
  3 shadow imps
  2 adder skeletons
  5 worms
  8 leopard geckos
  53 orcs
  11 goblins
  5 hobgoblins
  17 jackals
  4 quokkas
  5 ball pythons
  7 bats
  3 frilled lizards
  A jackal skeleton (D:4)
  17 kobolds
  A leopard gecko skeleton (D:8)
  2 quokka skeletons
  5 rats
407 creatures vanquished.

Vanquished Creatures (others)
  An orc wizard (D:3)
  2 orcs (D:3)
  A hobgoblin (D:3)
  14 fungi
  12 plants
  4 toadstools (D:1)
34 creatures vanquished.

Grand Total: 441 creatures vanquished

Notes
Turn   | Place    | Note
-------+----------+-------------------------------------------
     0 | D:1      | McKennaii the Octopode Assassin began the quest for the Orb.
     0 | D:1      | Reached XP level 1. HP: 14/14 MP: 1/1
   115 | D:1      | Reached XP level 2. HP: 19/19 MP: 2/2
   306 | D:1      | Reached skill level 6 in Stealth
   652 | D:1      | Reached XP level 3. HP: 23/24 MP: 3/3
  1098 | D:2      | Reached skill level 7 in Stealth
  1098 | D:2      | Reached XP level 4. HP: 29/29 MP: 4/4
  1956 | D:3      | Reached XP level 5. HP: 35/35 MP: 5/5
  1995 | D:3      | Noticed luab's ghost (amateur SpEn)
  2053 | D:3      | Killed luab's ghost
  2321 | D:3      | Reached skill level 8 in Stealth
  2420 | D:3      | Found a radiant altar of Vehumet.
  2425 | D:3      | Reached XP level 6. HP: 31/41 MP: 6/6
  3019 | D:4      | Found a white marble altar of Elyvilon.
  3066 | D:4      | Found Kuhysuar's Antique Weapon Emporium.
  3297 | D:5      | Entered Level 5 of the Dungeon
  3532 | D:5      | Found a shimmering altar of Xom.
  3533 | D:5      | Found an iron altar of Okawaru.
  3593 | D:5      | Reached XP level 7. HP: 46/46 MP: 7/7
  4472 | D:6      | Noticed IcyS's ghost (novice OpIE)
  5229 | D:6      | Killed IcyS's ghost
  5229 | D:6      | Reached skill level 5 in Throwing
  5229 | D:6      | Reached XP level 8. HP: 36/54 MP: 8/8
  5289 | D:6      | Got a wavering sapphire amulet
  5290 | D:6      | Identified the amulet of Day {Faith +Blink} (You found it on level 6 of the Dungeon)
  5456 | D:6      | Found an iron altar of Okawaru.
  5580 | D:6      | Reached skill level 9 in Stealth
  5780 | D:6      | Found a staircase to the Ecumenical Temple.
  5791 | Temple   | Entered the Ecumenical Temple
  5947 | Temple   | Became a worshipper of Dithmenos the Shadowed
  6611 | D:6      | Reached XP level 9. HP: 51/60 MP: 9/9
  6871 | D:7      | Reached skill level 5 in Short Blades
  7084 | D:7      | Reached skill level 5 in Fighting
  7253 | D:7      | Found Ogheefepp's General Store.
  7280 | D:7      | Reached * piety under Dithmenos
  7280 | D:7      | Reached skill level 10 in Stealth
  7510 | D:7      | Bought a scroll of enchant weapon for 97 gold pieces
  7510 | D:7      | Bought a potion of haste for 130 gold pieces
  8306 | D:8      | Reached skill level 11 in Stealth
  8385 | D:8      | Reached skill level 5 in Dodging
  8385 | D:8      | Reached XP level 10. HP: 68/68 MP: 10/10
  8567 | D:8      | Found a staircase to the Lair.
  8571 | D:8      | Noticed Gastronok
  8756 | D:8      | Reached ** piety under Dithmenos
  8760 | D:8      | Noticed a two-headed ogre
  8856 | D:8      | Killed a two-headed ogre
  8856 | D:8      | Reached skill level 12 in Stealth
 10472 | D:9      | Noticed a two-headed ogre
 10504 | D:9      | Killed a two-headed ogre
 10618 | D:9      | Reached *** piety under Dithmenos
 11347 | D:9      | Reached XP level 11. HP: 75/75 MP: 11/11
 11455 | D:10     | Entered Level 10 of the Dungeon
 11505 | D:10     | Reached skill level 13 in Stealth
 11521 | D:10     | Reached **** piety under Dithmenos
 11562 | D:10     | Noticed Grum
 11768 | D:10     | Found Cycybo's Assorted Antiques.
 11842 | D:10     | Bought a dark potion for 28 gold pieces
 11842 | D:10     | Bought 2 sapphire potions for 57 gold pieces
 11842 | D:10     | Bought a scroll labeled FUIMIROJAN for 32 gold pieces
 12316 | D:10     | Noticed a frost giant
 12492 | D:10     | Found a glowing golden altar of the Shining One.
 12645 | D:10     | Noticed Erica
 12757 | D:10     | Killed Erica
 13346 | D:10     | Killed a frost giant
 13346 | D:10     | Reached skill level 14 in Stealth
 13635 | D:11     | Noticed a two-headed ogre
 13641 | D:11     | Killed Grum
 14150 | D:10     | Killed a two-headed ogre
 14150 | D:10     | Reached skill level 1 in Invocations
 14438 | D:11     | Found a staircase to the Orcish Mines.
 14618 | D:11     | Noticed a white ugly thing
 14731 | D:11     | Noticed a skeletal warrior
 14731 | D:11     | Noticed a skeletal warrior
 14731 | D:11     | Noticed a skeletal warrior
 14731 | D:11     | Noticed a skeletal warrior
 14731 | D:11     | Noticed a skeletal warrior
 14732 | D:11     | Killed a white ugly thing
 14732 | D:11     | Reached XP level 12. HP: 84/84 MP: 7/12
 14787 | D:11     | Reached skill level 15 in Stealth
 15351 | D:8      | Killed Gastronok
 15659 | Lair:1   | Entered Level 1 of the Lair of Beasts
 15664 | Lair:1   | Found a basalt altar of Yredelemnul.
 15728 | Lair:1   | Noticed a six-headed hydra
 15735 | Lair:1   | Killed a six-headed hydra
 15992 | Lair:1   | Reached skill level 16 in Stealth
 16666 | Lair:1   | Noticed Sonja
 17027 | Lair:1   | Killed Sonja
 17420 | Lair:1   | Reached XP level 13. HP: 78/90 MP: 14/14
 17680 | Lair:2   | Found a staircase to the Shoals.
 17922 | Lair:2   | Reached skill level 17 in Stealth
 18609 | Lair:3   | Found a staircase to the Snake Pit.
 20194 | Lair:2   | Reached skill level 10 in Fighting
 20737 | Lair:3   | Reached skill level 18 in Stealth
 21838 | Lair:4   | Reached skill level 1 in Evocations
 22340 | Lair:4   | Reached skill level 10 in Throwing
 22373 | Lair:4   | Got a faintly humming buckler
 22394 | Lair:4   | Slain by a swamp worm

Skill      XL: |  1  2  3  4  5  6  7  8  9 10 11 12 13 |
---------------+----------------------------------------+-----
Stealth        | 6 7 8 9 11 12 14 16 18 | 18.3
Short Blades   | 3 4 6 7 8 9 |  9.7
Fighting       | 3 4 6 7 8 9 10 | 10.2
Dodging        | 2 3 4 5 6 7 8 9 |  9.3
Throwing       | 3 5 6 8 9 10 | 10.0
Invocations    | 1 2 |  2.4
Evocations     | 1 |  1.6

Action                   |  1- 3 |  4- 6 |  7- 9 | 10-12 | 13-15 || total
-------------------------+-------+-------+-------+-------+-------++-------
Melee: Dagger            |    41 |   100 |   235 |   632 |   311 ||  1319
       Constrict         |     6 |    20 |    34 |    65 |    33 ||   158
       Tentacles         |     4 |    15 |    61 |   151 |    70 ||   301
 Fire: Blowgun           |       |    32 |    61 |   117 |    48 ||   258
Invok: Shadow Step       |       |       |       |     8 |     3 ||    11
 Abil: Evoke Blink       |       |       |       |     1 |     3 ||     4
  Use: Potion            |       |     6 |       |     2 |     7 ||    15
       Scroll            |       |       |     5 |     6 |     1 ||    12
 Stab: Sleeping          |    20 |     8 |    13 |    39 |    23 ||   103
       Distracted        |       |     2 |     2 |     9 |     2 ||    15
  Eat: Chunk             |       |     6 |    15 |    24 |    11 ||    56
       Royal jelly       |       |     1 |       |       |     1 ||     2
       Fruit             |       |       |       |     5 |     2 ||     7
Armor: Skin              |     3 |    15 |     7 |     7 |     1 ||    33
Dodge: Dodged            |    11 |    73 |   118 |   315 |   205 ||   722
